 Dungeon Crawl Stone Soup version 0.28.0-43-g3370ac3207 (webtiles) character file.

Game seed: 17997222466860900346

70 ChongLi the Magician (level 4, -8/30 HPs)
             Began as a Demonspawn Venom Mage on Apr 2, 2022.
             Killed by divine providence
             ... invoked by an orc priest
              (13 damage)
             ... on level 3 of the Dungeon.
             The game lasted 00:06:59 (2331 turns).

ChongLi the Magician (Demonspawn Venom Mage)        Turns: 2331, Time: 00:07:01

Health: -8/30      AC:  2    Str:  9    XL:     4   Next: 4%
Magic:  10/10      EV: 12    Int: 16    God:
Gold:   171        SH:  0    Dex: 15    Spells: 10/11 levels left

rFire   . . .      SeeInvis .   a - +2 dagger (pain)
rCold   . . .      Faith    .   (no shield)
rNeg    . . .      Spirit   .   c - +0 robe
rPois   .          Reflect  .   (no helmet)
rElec   .          Harm     .   (no cloak)
rCorr   .          Rampage  .   (no gloves)
Will    +....                   (no boots)
Stlth   ++........              (no amulet)
HPRegen 0.10/turn               w - ring of willpower
MPRegen 0.12/turn               (no ring)

@: flying
A: hooves 2, powered by pain 1
a: no special abilities


You were on level 3 of the Dungeon.
You visited 1 branch of the dungeon, and saw 3 of its levels.

You collected 171 gold pieces.

Inventory:

Hand Weapons
 a - a +2 dagger of pain (weapon)
 t - a +0 long sword
Armour
 c - a +0 robe (worn)
Jewellery
 w - a ring of willpower (left hand)
 y - an amulet of guardian spirit
Scrolls
 b - a scroll of immolation {unknown}
 g - a scroll of noise {unknown}
 u - a scroll of fog {unknown}
 v - a scroll of vulnerability {unknown}
 x - 2 scrolls of fear {unknown}
Potions
 e - a potion of mutation {unknown}
 f - a potion of curing {unknown}
 h - a potion of might {unknown}


   Skills:
 - Level 1.7 Dodging
 - Level 1.7 Stealth
 + Level 4.1 Spellcasting
 - Level 0.8 Transmutations
 - Level 3.0 Poison Magic


You had 10 spell levels left.
You knew the following spells:

 Your Spells              Type           Power      Damage    Failure   Level
a - Sting                 Tmut/Pois      36%        1d4       8%          1

Your spell library contained the following spells:

 Spells                   Type           Power      Damage    Failure   Level
 Poisonous Vapours        Pois/Air       16%        N/A       14%         2
 Mephitic Cloud           Conj/Pois/Air  6%         N/A       32%         3
 Olgreb's Toxic Radiance  Pois           12%        N/A       43%         4


Dungeon Overview and Level Annotations

Branches:
Dungeon (3/15)

Altars:


Innate Abilities, Weirdness & Mutations

You have hoof-like feet.
You sometimes gain a little power by taking damage.


Message History

Found a stone staircase leading up.
x - 2 scrolls labelled LIUSTR ROROLATI (gained 1)
There is a stone staircase leading up here.
Found a club.
An orc comes into view. It is wielding a +0 hand axe.
The orc shouts!
An orc priest comes into view. It is wielding a +0 club.
Something hits the plant.
The plant begins to die.
The orc priest shouts!
You hear a shout!
An orc comes into view. It is wielding a +0 hand axe.
The sting misses the orc.
The orc hits you with a +0 hand axe.
The sting misses the orc.
Aiming: Sting (safe; 8% risk of failure)
Press: ? - help, Q - select action Shift-Dir - straight line, f - orc priest, p - orc
Aim: an orc priest, wielding a +0 club and wearing a +0 chain mail (77% to hit)
The sting hits the orc priest but does no damage.
The orc priest is poisoned.
The orc misses you. The orc priest hits you with a +0 club.
You barely miss the orc priest.
You kick the orc priest, but do no damage.
The orc priest is lightly wounded.
The orc hits you with a +0 hand axe. The orc priest hits you with a +0 club.
Aiming: Sting (safe; 8% risk of failure)
Press: ? - help, Q - select action Shift-Dir - straight line, f/p - orc priest
Aim: an orc priest, wielding a +0 club and wearing a +0 chain mail (moderately wounded, poisoned, 77% to hit)
The sting hits the orc priest but does no damage.
The orc priest looks even sicker.
The orc priest is moderately wounded.
The orc hits you with a +0 hand axe.
The orc priest mumbles some strange prayers to Beogh against you.
Beogh smites you!
* * * LOW HITPOINT WARNING * * *
You focus on the pain.
You feel your power returning.
It was a potion of flight.
You feel very buoyant.
You fly up into the air.
The orc hits you with a +0 hand axe.
* * * LOW HITPOINT WARNING * * *
The orc priest calls down the wrath of Beogh upon you.
Beogh smites you!
You die...

♣≈P #.........# ♣≈P.
#.........# # ♣♣≈o#
#.........####.##
♣P≈≈.+###...............#
♣♣≈P................##..#
♣≈≈≈P...................#
≈≈≈........##......#.#..#
#.....o.#.##.##.#...#..####
##.#+#...<##.6oo...........
####.#####.#.#.#.#####
#.o........<..#
####...####.### #...# #.#
....)...#.# ...≈≈.....#.#
#...≈♣≈≈≈...+.#
#....≈≈♣≈...###


You could see an orc priest (very poisoned) and an orc.

Vanquished Creatures
  3 adders (D:2)
  A dart slug (D:1)
  4 bats
  3 endoplasms
  5 giant cockroaches
  5 goblins
  3 hobgoblins
  A quokka (D:2)
  3 ball pythons (D:2)
  2 frilled lizards (D:1)
  4 kobolds (D:1)
  6 rats
40 creatures vanquished.

Vanquished Creatures (others)
  7 plants (D:3)
7 creatures vanquished.

Grand Total: 47 creatures vanquished

Notes
Turn   | Place    | Note
-------+----------+-------------------------------------------
     0 | D:1      | ChongLi the Demonspawn Venom Mage began the quest for the
                  | Orb.
     0 | D:1      | Reached XP level 1. HP: 13/13 MP: 3/3
   270 | D:1      | Gained mutation: You have large cloven feet. [demonic
                  | ancestry]
   270 | D:1      | Reached XP level 2. HP: 19/19 MP: 0/5
   673 | D:1      | Reached skill level 3 in Spellcasting
  1232 | D:2      | Gained mutation: You sometimes gain a little power by
                  | taking damage. [demonic ancestry]
  1232 | D:2      | Reached XP level 3. HP: 23/24 MP: 7/7
  1835 | D:2      | Reached skill level 4 in Spellcasting
  2108 | D:2      | Gained mutation: You have hoof-like feet. [demonic
                  | ancestry]
  2108 | D:2      | Reached XP level 4. HP: 30/30 MP: 7/10
  2331 | D:3      | Killed from afar by an orc priest

Illustrated notes

Levels and vault maps discovered:
D:1:      beargit_arrival_greenhouse, layout_loops_cross
D:2:      minmay_wonky_spiral, layout_basic
D:3:      wander_river, layout_basic, zin_scriptorium, serial_bayou,
          serial_bayou_ford_a, serial_bayou_pond_c, serial_bayou_shore_a,
          serial_bayou_pond_d, wad_orctagon

Skill      XL: |  1  2  3 |
---------------+----------+-----
Spellcasting   | 3 4 |  4.1
Dodging        | |  1.7
Stealth        | |  1.7
Transmutations | |  0.8
Poison Magic   | |  3.0

Action                   |  1- 3 |  4- 6 || total
-------------------------+-------+-------++-------
Melee: Short sword       |    18 |       ||    18
       Dagger            |    35 |     3 ||    38
       Kick              |     8 |     1 ||     9
 Cast: Sting             |    52 |     8 ||    60
  Use: Potion            |       |     1 ||     1
 Stab: Sleeping          |     1 |       ||     1
Armor: Robe              |    17 |       ||    17
Dodge: Dodged            |    41 |     4 ||    45
